 Dungeon Crawl Stone Soup version 0.26-a0-597-gb535b0901c (webtiles) character file.

Game seed: 17391089165223958586

(classic levelgen) 84063 EnegeticOcto the Fighter (level 15, 0/148 HPs)
             Began as a Deep Dwarf Fighter on Sept 8, 2020.
             Was an Elder of Uskayaw.
             Slain by a naga warrior
             ... wielding a +1 scimitar of freezing
              (8 damage)
             ... on level 4 of the Snake Pit.
             The game lasted 00:11:07 (12267 turns).

EnegeticOcto the Fighter (Deep Dwarf Fighter)      Turns: 12267, Time: 00:11:08

Health: 0/148      AC: 23    Str: 25    XL:     15   Next: 34%
Magic:  1/21       EV:  7    Int:  8    God:    Uskayaw [****..]
Gold:   759        SH: 19    Dex: 12    Spells: 14/14 levels left

rFire    . . .     SeeInvis +   I - +12 Vampire's Tooth {vamp}
rCold    . . .     Faith    .   N - +0 tower shield
rNeg     + . .     Spirit   .   b - +0 plate armour
rPois    +         Reflect  .   f - +2 helmet
rElec    +         Harm     .   r - +1 cloak
rCorr    .         Rnd*Tele +   G - +0 pair of gloves
MR       ++...                  (no boots)
Stlth    ..........             w - amulet of the Air {Inacc +Fly rElec EV+5 RMsl}
HPRegen  0.00/turn              B - ring of poison resistance
MPRegen  0.17/turn              j - ring of see invisible

@: lethally poisoned (0 -> 0), non-regenerating, constricted, repel missiles
A: damage resistance, heal wounds, blurry vision 1, negative energy resistance
1, sense surroundings 2, screaming 1, teleportitis 1, weak 1, MP-powered wands,
no regeneration
a: Heal Wounds, Stomp, Line Pass, Renounce Religion, Evoke Flight


You were on level 4 of the Snake Pit.
You worshipped Uskayaw.
Uskayaw was pleased with you.
You visited 5 branches of the dungeon, and saw 22 of its levels.

You collected 2137 gold pieces.
You spent 1378 gold pieces at shops.

Inventory:

Hand Weapons
 a - a +1 war axe
 y - the +10 war axe of Nuphuit {vorpal, rF- rC+ rN+ Int+4}
   (You found it on level 5 of the Dungeon)

   It inflicts extra damage upon your enemies.
   It affects your intelligence (+4).
   It makes you vulnerable to fire.
   It protects you from cold.
   It protects you from negative energy.
 I - the +12 Vampire's Tooth (weapon) {vamp}
   (You found it on level 11 of the Dungeon)

   It inflicts no extra harm, but heals its wielder when it wounds a living foe.
Missiles
 n - a throwing net (quivered)
Armour
 b - a +0 plate armour (worn)
 f - a +2 helmet (worn)
 r - a +1 cloak (worn)
 E - +0 fire dragon scales
 G - a +0 pair of gloves (worn)
 N - a +0 tower shield (worn)
Jewellery
 j - a ring of see invisible (right hand)
 w - the amulet of the Air (around neck) {Inacc +Fly rElec EV+5 RMsl}
   (You bought it in a shop on level 2 of the Orcish Mines)

   [amulet of inaccuracy]

   It reduces the accuracy of all your attacks.
   It affects your evasion (+5).
   It insulates you from electricity.
   It lets you fly.
   It protects you from missiles.
 B - a ring of poison resistance (left hand)
 H - an uncursed amulet of faith
Wands
 c - a wand of disintegration (12)
 e - a wand of polymorph (9)
 m - a wand of acid (12) {@v1}
 D - a wand of digging (3) {@v3}
 F - a wand of iceblast (12) {@v2}
Scrolls
 h - a scroll of enchant armour
 o - 6 scrolls of teleportation {@r3}
 q - 4 scrolls of enchant weapon
 s - a scroll of immolation {@r4}
 u - 2 scrolls of magic mapping {@r5}
 v - 8 scrolls of remove curse {@r2}
 J - 5 scrolls of blinking
 K - a scroll of fog
 M - 2 scrolls of fear
Potions
 d - 3 potions of might {@q3}
 g - 3 potions of flight
 i - 5 potions of curing {@q1}
 k - 4 potions of lignification {@q7}
 l - 3 potions of stabbing {@q5}
 t - 3 potions of heal wounds {@q2}
 x - a potion of haste {@q4}
 z - a potion of berserk rage
 A - 2 potions of ambrosia
 C - 3 potions of magic
 L - a potion of cancellation
Miscellaneous
 p - a condenser vane (1/2)


   Skills:
 * Level 13.6 Fighting
 * Level 9.5 Short Blades
 - Level 12.0 Axes
 + Level 12.0 Armour
 + Level 12.0 Shields
 + Level 13.3 Invocations


You had 14 spell levels left.
You didn't know any spells.
Your spell library was empty.

Dungeon Overview and Level Annotations

Branches:
Dungeon (12/15)            Temple (1/1) D:4            Lair (3/6) D:11
  Snake (4/4) Lair:3          Orc (2/2) D:12            Elf (0/3) Orc:2
  Swamp: Lair:2-4    Shoals: Lair:2-4

Altars:
Ashenzari
Cheibriados
Dithmenos
Elyvilon
Fedhas
Gozag
Hepliaklqana
Kikubaaqudgha
Makhleb
Nemelex Xobeh
Okawaru
Qazlal
Ru
Sif Muna
Trog
Uskayaw
Vehumet
Wu Jian
Xom
Yredelemnul
Zin
The Shining One

Shops:
D:5 =   D:6 }   D:7 =   D:10 }   D:12 [   Orc:2 =}}(   Snake:2 :[:*

Annotations:
D:7 1 runed translucent door


Innate Abilities, Weirdness & Mutations

You are resistant to damage.
You can heal yourself by infusing magical energy.
You resist negative energy. (rN+)
You passively map the area around you.
You do not regenerate.
Scrolls take you a little longer to read.
You occasionally shout uncontrollably at your foes.
You are occasionally teleported next to monsters.
You are weak. (Str -2)
You expend magic power (3 MP) to strengthen your wands.


Message History

The naga mage hits you from afar with a +0 spear.
* * * LOW HITPOINT WARNING * * *
You feel much better. You block the nagaraja's attack.
The shock serpent is engulfed in noxious fumes.
The anaconda is engulfed in noxious fumes.
The anaconda bites the nagaraja!!
The anaconda bites itself.
The naga ritualist points at you and mumbles some strange words.
You resist with almost no effort. You block the naga warrior's attack.
The nagaraja spits poison at you. You block the splash of poison.
The salamander is engulfed in noxious fumes.
The salamander hits something with a +0 spear!
Something is engulfed in flames!
The nagaraja hits you but does no damage.
The nagaraja constricts you.
The shock serpent is engulfed in noxious fumes.
The nagaraja hits you with a +0 flail!
* * * LOW HITPOINT WARNING * * *
You hit the nagaraja.
You feel better.
The nagaraja is heavily wounded.
The naga ritualist casts a spell.
The naga ritualist begins to radiate toxic energy.
The naga warrior spits poison at you. The splash of poison hits you.
You resist.
* * * LOW HITPOINT WARNING * * *
You block the naga warrior's attack.
The nagaraja hits you but does no damage.
The nagaraja hits you with a +0 club!
* * * LOW HITPOINT WARNING * * *
The nagaraja constricts you.
Uskayaw will force your foes to share their pain.
Uskayaw links your audience in an emotional bond!
You puncture the nagaraja!
The nagaraja is severely wounded.
The anaconda is engulfed in noxious fumes.
The anaconda appears confused.
The anaconda barely misses the nagaraja.
The naga mage hits you but does no damage.
The shock serpent is engulfed in noxious fumes.
The shock serpent bites the nagaraja.
The shock serpent shocks the nagaraja!
The salamander is engulfed in noxious fumes.
The salamander appears confused.
The salamander hits the black mamba with a +0 spear!
You kill the naga ritualist!
The black mamba is engulfed in flames!
You kill the naga mage! x2
The salamander hits itself with a +0 spear!
The nagaraja spits poison at you.
The splash of poison hits you but does no damage.
You resist.
You stomp with the beat, sending a shockwave through the revelers around you!
The nagaraja is almost dead.
You kill the naga ritualist!
You kill the nagaraja!
Your Armour skill increases to level 12!
Your Shields skill increases to level 12!
The nagaraja is almost dead.
You kill the nagaraja! x2
The naga warrior is moderately wounded. x2
The anaconda is engulfed in noxious fumes.
The anaconda appears confused.
The naga mage hits you but does no damage.
The naga sharpshooter mumbles some strange words.
The naga sharpshooter magically shoots an arrow.
The arrow closely misses you.
The shock serpent is engulfed in noxious fumes.
A naga mage comes into view.
You block the black mamba's attack.
The naga sharpshooter casts a spell.
The naga sharpshooter magically shoots an arrow.
The arrow hits you!
* * * LOW HITPOINT WARNING * * *
The naga warrior hits you from afar with a +0 trident!
* * * LOW HITPOINT WARNING * * *
The anaconda is engulfed in noxious fumes.
Uskayaw will force your foes to share their pain.
You don't have enough magic at the moment.
You hit the naga mage.
You feel better.
The naga mage is lightly wounded.
The shock serpent is engulfed in noxious fumes.
The shock serpent bites the black mamba!
The shock serpent shocks the black mamba!
You kill the naga!
You block the naga mage's attack.
A naga mage comes into view.
The naga sharpshooter casts a spell.
The naga sharpshooter magically shoots an arrow.
You block the arrow.
You closely miss the naga mage.
The naga mage is lightly wounded.
You block the black mamba's attack.
The anaconda is engulfed in noxious fumes.
The anaconda bites the naga warrior!
The naga mage spits poison at you.
The splash of poison hits you but does no damage.
You resist. You block the naga warrior's attack. The naga warrior grabs you.
The naga warrior constricts you.
The naga warrior hits you with a +1 scimitar of freezing!!
* * * LOW HITPOINT WARNING * * *
The naga warrior freezes you!
You die...

.'..........# *, , ,
.#..........# #...# ..... ,
, ##.....#....# #...
#........ ,
.......###..###..###..☼.....
,
......####..##...##NNN§☼....
......###...##..##N)N§§§....
.......##...##§§##.NN°§§....
,,
............##§§##NNS§§N..
., ,
............##§N@SSSNN§#....
............##§NNNNNNN§N...#
,
............##§SNNN§#§§.....
#####.......##.§☼N§§☼.#.....
, , , #.......###☼§§§§§##
(..⌠ ,, , , ##......#
#.....## ,,... , , ,
#......# #....## .. , , ,
#......# ##....* , ., , ,
#......# #... , ,


You could see 6 naga warriors, 4 naga sharpshooters, a salamander (confused,
pain bonded), an anaconda (confused, pain bonded), a naga ritualist (pain
bonded), a shock serpent (confused, pain bonded), 3 black mambas, 6 naga magi
and 4 nagas.

Vanquished Creatures
  Gastronok (D:8)
  An Executioner (Snake:4)
  9 nagarajas
  A cacodemon (Snake:3)
  A balrug (Snake:2)
  Josephine (D:11)
  11 naga warriors
  A hydra (D:9)
  An anaconda (Snake:4)
  A death knight (D:12)
  6 two-headed ogres
  9 naga sharpshooters
  3 shock serpents
  An orc high priest (Orc:2)
  A skeletal warrior (D:12)
  A salamander mystic (Snake:2)
  2 unseen horrors (D:12)
  5 naga ritualists
  4 mana vipers (Snake:1)
  4 orc sorcerers (Orc:2)
  3 deep elf magi
  2 manticores
  An ugly thing (D:12)
  3 cyclopes
  5 elephants (Lair:3)
  3 salamanders
  20 black mambas
  A guardian serpent (Snake:3)
  3 gargoyles
  12 naga magi
  2 cane toads
  Maggie (D:8)
  A rime drake (Lair:2)
  3 freezing wraiths (D:12)
  A komodo dragon (D:10)
  A troll (D:9)
  A tyrant leech (D:11)
  Prince Ribbit (D:9)
  3 blink frogs (Lair:2)
  2 hippogriffs
  4 wraiths
  A ynoxinul (Snake:3)
  3 vampires
  6 yaks (D:10)
  4 neqoxecs
  A steam dragon (D:8)
  A warg (Orc:1)
  34 nagas
  9 vampire mosquitoes
  A soldier ant (D:12)
  5 water moccasins
  3 porcupines
  22 orc warriors
  5 sky beasts
  A swamp drake (Orc:2)
  3 ice beasts
  4 black bears
  5 necrophages (D:8)
  3 phantoms
  14 ogres
  7 centaurs
  4 crocodiles
  12 bullfrogs
  2 big kobolds
  2 wyvern skeletons
  A water moccasin zombie (D:8)
  5 scorpions
  13 killer bees
  10 wights
  3 howler monkeys
  3 centaur zombies
  A crimson imp (Orc:2)
  A quasit (D:11)
  A bullfrog zombie (D:5)
  3 centaur skeletons
  2 bullfrog skeletons
  27 orc priests
  6 hounds
  An iron imp (Orc:2)
  4 jellies
  38 orc wizards
  Terence (D:3)
  3 iguanas
  13 worker ants
  A hound skeleton (D:7)
  A howler monkey zombie (D:8)
  3 worker ant zombies
  11 adders
  10 gnolls
  2 howler monkey skeletons
  4 shadow imps
  A white imp (Orc:2)
  2 ufetubi
  An adder zombie (D:7)
  4 adder skeletons
  4 dart slugs
  5 leopard geckos
  108 orcs
  7 bats
  2 giant cockroaches
  5 goblins
  2 hobgoblins
  15 jackals
  11 kobolds
  6 quokkas
  2 ball pythons
  6 frilled lizards
  A goblin zombie (D:7)
  A jackal skeleton (D:4)
  A leopard gecko zombie (D:7)
  A quokka skeleton (D:4)
  3 rats
645 creatures vanquished.

Vanquished Creatures (others)
  A howler monkey (D:5)
  12 fungi
  11 plants
  A withered plant (D:8)
25 creatures vanquished.

Grand Total: 670 creatures vanquished

Notes
Turn   | Place    | Note
-------+----------+-------------------------------------------
     0 | D:1      | EnegeticOcto the Deep Dwarf Fighter began the quest for the
                  | Orb.
     0 | D:1      | Reached XP level 1. HP: 20/20 MP: 1/1
    71 | D:1      | Reached XP level 2. HP: 25/27 MP: 2/2
   345 | D:3      | Reached XP level 3. HP: 26/33 MP: 3/3
   347 | D:3      | Found a hazy altar of Hepliaklqana.
   386 | D:3      | Noticed Terence
   397 | D:3      | Killed Terence
   449 | D:4      | Found a burning altar of Makhleb.
   462 | D:4      | Reached XP level 4. HP: 31/42 MP: 4/4
   483 | D:4      | Became a worshipper of Makhleb the Destroyer
   602 | D:4      | Reached skill level 1 in Invocations
   633 | D:4      | Reached XP level 5. HP: 33/49 MP: 2/2
   870 | D:4      | Found a snail-covered altar of Cheibriados.
   892 | D:4      | Reached * piety under Makhleb
   911 | D:4      | Found a staircase to the Ecumenical Temple.
  1006 | D:5      | Entered Level 5 of the Dungeon
  1022 | D:5      | Reached XP level 6. HP: 37/57 MP: 4/4
  1110 | D:5      | Found a shadowy altar of Dithmenos.
  1145 | D:5      | Found Fulaito's Jewellery Shoppe.
  1230 | D:5      | Got a crude war axe
  1231 | D:5      | Identified the +10 war axe of Nuphuit {vorpal, rF- rC+ rN+
                  | Int+4} (You found it on level 5 of the Dungeon)
  1251 | D:5      | Reached skill level 5 in Axes
  1536 | D:6      | Reached XP level 7. HP: 32/66 MP: 4/6
  1570 | D:6      | Found a sparkling altar of Nemelex Xobeh.
  1697 | D:6      | Reached ** piety under Makhleb
  1699 | D:6      | Reached skill level 5 in Armour
  1699 | D:6      | Reached skill level 5 in Shields
  1705 | D:6      | Reached skill level 5 in Fighting
  1733 | D:6      | Reached XP level 8. HP: 60/74 MP: 7/7
  1771 | D:6      | Found Paesmehu's Gadget Shop.
  1844 | D:6      | Found a shattered altar of Ashenzari.
  1853 | D:6      | Saw a vision of the Swamp and the Snake Pit.
  1853 | D:6      | Noticed an alligator
  1853 | D:6      | Noticed a black mamba
  1853 | D:6      | Noticed a naga mage
  1853 | D:6      | Noticed an anaconda
  1854 | D:6      | Noticed an alligator
  2086 | D:6      | Found an iron altar of Okawaru.
  2087 | D:6      | Found a shimmering blue altar of Sif Muna.
  2188 | D:7      | Reached skill level 5 in Invocations
  2246 | D:7      | Noticed a gargoyle
  2258 | D:7      | Killed a gargoyle
  2258 | D:7      | Gained mutation: You passively map the area around you.
                  | [Deep Dwarf growth]
  2258 | D:7      | Reached XP level 9. HP: 70/84 MP: 8/10
  2291 | D:7      | Found Aseymoi's Jewellery Emporium.
  2377 | D:7      | Found a runed translucent door.
  2383 | D:7      | Found a basalt altar of Yredelemnul.
  2401 | D:7      | Reached *** piety under Makhleb
  2709 | D:8      | Noticed a two-headed ogre
  2715 | D:8      | Killed a two-headed ogre
  2768 | D:8      | Noticed Maggie
  2785 | D:8      | Killed Maggie
  2867 | D:8      | Reached XP level 10. HP: 94/94 MP: 10/12
  2972 | D:8      | Reached **** piety under Makhleb
  3040 | D:8      | Found the +7 lajatang of Order {silver, rMut}
  3127 | D:8      | Noticed Gastronok
  3150 | D:8      | Killed Gastronok
  3191 | D:8      | Reached skill level 10 in Axes
  3433 | D:9      | Noticed Prince Ribbit
  3437 | D:9      | Killed Prince Ribbit
  3507 | D:9      | Identified the +5 flail of the Protecting Sybil {pain,
                  | rPois}
  3533 | D:9      | Noticed a two-headed ogre
  3544 | D:9      | Killed a two-headed ogre
  3544 | D:9      | Reached XP level 11. HP: 99/104 MP: 14/14
  3594 | D:9      | Reached ***** piety under Makhleb
  3745 | D:9      | Noticed a four-headed hydra
  3764 | D:9      | Killed a ten-headed hydra
  4005 | D:10     | Entered Level 10 of the Dungeon
  4057 | D:10     | Noticed a two-headed ogre
  4076 | D:10     | Killed a two-headed ogre
  4149 | D:10     | Found Diklec's Gadget Shop.
  4162 | D:10     | Bought a condenser vane (2/2) for 240 gold pieces
  4256 | D:10     | Noticed a two-headed ogre
  4265 | D:10     | Killed a two-headed ogre
  4811 | D:11     | Noticed Josephine
  4825 | D:11     | Killed Josephine
  4825 | D:11     | Reached skill level 10 in Fighting
  4825 | D:11     | Reached XP level 12. HP: 90/116 MP: 15/15
  5122 | D:11     | Reached ****** piety under Makhleb
  5183 | D:11     | Found the +12 Vampire's Tooth {vamp}
  5232 | D:11     | Noticed a two-headed ogre
  5240 | D:11     | Killed a two-headed ogre
  5393 | Temple   | Entered the Ecumenical Temple
  5466 | Temple   | Fell from the grace of Makhleb
  5466 | Temple   | Became a worshipper of Uskayaw the Reveler
  5660 | D:2      | Reached * piety under Uskayaw
  6282 | D:3      | Reached ** piety under Uskayaw
  6453 | D:3      | Reached skill level 1 in Short Blades
  6484 | D:3      | Found a blossoming altar of Fedhas.
  6712 | D:3      | Found a faded altar of an unknown god.
  7486 | D:11     | Reached skill level 10 in Invocations
  7571 | D:11     | Found a staircase to the Lair.
  7607 | D:12     | Reached *** piety under Uskayaw
  7614 | D:12     | Reached **** piety under Uskayaw
  7627 | D:12     | Reached ***** piety under Uskayaw
  7638 | D:12     | Noticed a death knight
  7649 | D:12     | Reached ****** piety under Uskayaw
  7675 | D:12     | Killed a death knight
  7773 | D:12     | Found a staircase to the Orcish Mines.
  7999 | D:12     | Found Afrixtataf's Armour Emporium.
  8158 | D:12     | Reached skill level 10 in Shields
  8161 | D:12     | Reached skill level 10 in Armour
  8161 | D:12     | Reached XP level 13. HP: 127/127 MP: 15/17
  8302 | Orc:1    | Entered Level 1 of the Orcish Mines
  8470 | Orc:2    | Entered Level 2 of the Orcish Mines
  8538 | Orc:2    | Found a staircase to the Elven Halls.
  8761 | Orc:2    | Found Vioskedi's Jewellery Boutique.
  8761 | Orc:2    | Found Okhick's Gadget Boutique.
  8829 | Orc:2    | Reached skill level 5 in Short Blades
  8830 | Orc:2    | Found Suodurpha's Weapon Shop.
  8841 | Orc:2    | Found Gucheph's Gadget Shop.
  8866 | Orc:2    | Bought the amulet of the Air {Inacc +Fly rElec EV+5 RMsl}
                  | for 618 gold pieces
  8866 | Orc:2    | Found the amulet of the Air {Inacc +Fly rElec EV+5 RMsl}
  8866 | Orc:2    | Bought an uncursed amulet of faith for 520 gold pieces
  9114 | Orc:2    | Gained mutation: You expend magic power (3 MP) to
                  | strengthen your wands. [a neqoxec]
  9119 | Orc:2    | Gained mutation: You are weak. (Str -2) [a neqoxec]
  9601 | Lair:1   | Entered Level 1 of the Lair of Beasts
 10199 | Lair:3   | Found a staircase to the Snake Pit.
 10264 | Snake:1  | Entered Level 1 of the Snake Pit
 10661 | Snake:1  | Gained mutation: You resist negative energy. (rN+) [Deep
                  | Dwarf growth]
 10661 | Snake:1  | Reached XP level 14. HP: 129/138 MP: 18/18
 10738 | Snake:1  | Noticed a nagaraja
 10759 | Snake:1  | Killed a nagaraja
 11229 | Snake:2  | Noticed a balrug
 11259 | Snake:2  | Killed a balrug
 11351 | Snake:2  | Found Uwukhipoa's Armour Shop.
 11355 | Snake:2  | Found Dauceeq's Book Boutique.
 11356 | Snake:2  | Found Teifol's General Store.
 11395 | Snake:2  | Found Sifu's Book Shop.
 11552 | Snake:3  | Noticed a cacodemon
 11569 | Snake:3  | Gained mutation: You occasionally shout uncontrollably at
                  | your foes. [a cacodemon]
 11576 | Snake:3  | Gained mutation: Scrolls take you a little longer to read.
                  | [a cacodemon]
 11588 | Snake:3  | Gained mutation: You are occasionally teleported next to
                  | monsters. [a cacodemon]
 11593 | Snake:3  | Killed a cacodemon
 11754 | Snake:4  | Entered Level 4 of the Snake Pit
 11754 | Snake:4  | Noticed a nagaraja
 11761 | Snake:4  | Noticed a nagaraja
 11780 | Snake:4  | Killed a nagaraja
 11878 | Snake:4  | Killed a nagaraja
 11929 | Snake:4  | Noticed an Executioner
 11962 | Snake:4  | Killed an Executioner
 12146 | Snake:4  | Noticed a nagaraja
 12170 | Snake:4  | Killed a nagaraja
 12170 | Snake:4  | Reached XP level 15. HP: 148/148 MP: 20/20
 12183 | Snake:4  | Noticed a nagaraja
 12183 | Snake:4  | Noticed a nagaraja
 12189 | Snake:4  | Noticed a nagaraja
 12202 | Snake:4  | Noticed a nagaraja
 12206 | Snake:4  | Noticed a nagaraja
 12220 | Snake:4  | Killed a nagaraja
 12247 | Snake:4  | Killed a nagaraja
 12260 | Snake:4  | HP: 6/148 [nagaraja/+0 club (14)]
 12265 | Snake:4  | Killed a nagaraja
 12265 | Snake:4  | Killed a nagaraja
 12265 | Snake:4  | Killed a nagaraja
 12267 | Snake:4  | Slain by a naga warrior

Illustrated notes

Levels and vault maps discovered:
D:1:      eino_arrival_tree_alley, layout_loops_ring
D:2:      layout_basic, serial_curves, eino_curves_01, eino_curves_01
D:3:      layout_basic, lemuel_coloured_pillars_altar,
          chequers_ecumenical_altar_lobes, fedhas_altar_3, uniq_terence
D:4:      layout_basic, kennysheep_mini, temple_statues, st_stairs_13,
          bloody_makhleb
D:5:      layout_cave_pools, nicolae_dithmenos_shadow_blocks, serial_shops,
          nicolae_shop_trees, chequers_garden
D:6:      layout_cave_pools, gammafunk_temple_overflow_pools,
          nemelex_xobeh_ov_fountains_minmay, serial_shops, shop,
          chequers_serial_rivers_room_a, grunt_ashenzari_visionary
          [grunt_ashenzari_visionary_swamp, grunt_ashenzari_visionary_snake]
D:7:      layout_loops_ring, serial_shops, nicolae_shop_waterfront,
          serial_glass, glass_columns_b, glass_columns_c, dk_yredelemnul_ordeal
D:8:      layout_loops_ring, serial_undead, serial_undead_a, serial_undead_c,
          serial_undead_d, serial_undead_a, uniq_maggie, uniq_gastronok
D:9:      layout_roguey, special_room [special_room_orc], uniq_prince_ribbit1
D:10:     layout_irregular_city, serial_shops, nicolae_shop_statue_plus
D:11:     layout_basic, grunt_lair_entry_orc_guard_hut, chequers_arboretum,
          minmay_guarded_unrand_vampires_tooth, uniq_josephine
D:12:     layout_rooms, david_orc_3, serial_shops, nicolae_shop_stone
Temple:   nicolae_temple_elliptical
Lair:1:   layout_gridlike
Lair:2:   layout_chaotic_city
Lair:3:   layout_regular_city, skrybe_swamp_entry_bodies, dummy_snake_entry,
          serial_bayou_pond_a, cheibrodos_lair_reptile_den
Snake:1:  layout_grid_maze, grunt_ministairs_3, grunt_megastairs_1
Snake:2:  layout_misc_corridors, serial_shops, nicolae_shop_trees,
          minmay_shop_star
Snake:3:  layout_layer_cave, serial_bayou_pond_e
Snake:4:  snake_pit, layout_cave_town
Orc:1:    layout_caves
Orc:2:    st_orc_mages, layout_diamond_mine, hangedman_minor_magic

Skill      XL: |  1  2  3  4  5  6  7  8  9 10 11 12 13 14 15 |
---------------+----------------------------------------------+-----
Axes           | 3 4 5 6 7 8 10 11 12 | 12.0
Fighting       | 3 4 5 6 7 8 10 11 12 13 | 13.6
Armour         | 4 5 6 8 9 10 11 12 | 12.0
Shields        | 4 5 6 7 8 9 10 11 12 | 12.0
Invocations    | 1 2 3 5 6 8 9 10 11 13 | 13.3
Short Blades   | 4 6 9 |  9.5

Action                   |  1- 3 |  4- 6 |  7- 9 | 10-12 | 13-15 || total
-------------------------+-------+-------+-------+-------+-------++-------
Melee: War axe           |    72 |   133 |   168 |   401 |       ||   774
       Quick blade       |       |       |       |   308 |  1374 ||  1682
Invok: Stomp             |       |       |       |     2 |    10 ||    12
       Grand Finale      |       |       |       |       |     2 ||     2
 Abil: Heal Wounds       |       |     6 |     5 |    15 |     5 ||    31
Evoke: Wand              |       |       |       |     3 |       ||     3
       Condenser vane    |       |       |       |       |     4 ||     4
  Use: Scroll            |       |       |    10 |    11 |     3 ||    24
       Potion            |       |       |       |       |     2 ||     2
 Stab: Paralysed         |       |       |       |    18 |   121 ||   139
       Confused          |       |       |       |       |     6 ||     6
Armor: Scale mail        |    29 |    67 |    49 |    12 |       ||   157
       Fire dragon scale |       |       |       |   214 |       ||   214
       Plate armour      |       |       |       |    76 |   325 ||   401
Dodge: Dodged            |    27 |    62 |    41 |   172 |   176 ||   478
       Repelled          |       |       |       |       |    30 ||    30
Block: Kite shield       |    32 |    91 |    89 |   324 |       ||   536
       Tower shield      |       |       |       |   191 |   906 ||  1097

Table legend: (Time is in decaauts)
 A = Elapsed time spent in this place.
 B = Non-inter-level travel time spent in this place.
 C = Inter-level travel time spent in this place.
 D = Time resting spent in this place.
 E = Time spent auto-exploring this place.
 F = Levels seen in this place.
 G = Mean time per level.
                   A        B        C        D        E       F      G
               +--------+--------+--------+--------+--------+-----+--------+
         Total |  11572 |  10498 |   1074 |      5 |   7304 |  22 |  526.0 |
       Dungeon |   8294 |   7395 |    899 |      5 |   5259 |  12 |  691.2 |
        Temple |     87 |     73 |     14 |      0 |     66 |   1 |   87.0 |
          Lair |    584 |    562 |     22 |      0 |    420 |   3 |  194.7 |
     Snake Pit |   1485 |   1414 |     71 |      0 |    849 |   4 |  371.2 |
  Orcish Mines |   1120 |   1054 |     66 |      0 |    710 |   2 |  560.0 |
               +--------+--------+--------+--------+--------+-----+--------+

Top non-repeatable levels by time:
     D:3: 1068 daAuts
    D:11: 868 daAuts
     D:8: 786 daAuts
   Orc:2: 782 daAuts
    D:10: 745 daAuts
     D:2: 735 daAuts
     D:9: 704 daAuts
 Snake:1: 691 daAuts
     D:4: 682 daAuts
     D:6: 680 daAuts
    D:12: 663 daAuts
     D:7: 611 daAuts
     D:5: 558 daAuts
  Lair:2: 407 daAuts
 Snake:4: 345 daAuts
